 Dungeon Crawl Stone Soup version 0.26-a0-30-g56b8cd3df0 (webtiles) character file.

Game seed: 3597124211529834739, levelgen mode: deterministic

298 Percelot the Cudgeler (level 6, -1/37 HPs)
             Began as a Gargoyle Monk on June 1, 2020.
             Slain by an orc priest
             ... wielding a +0 morningstar
              (11 damage)
             ... on level 3 of the Dungeon on June 3, 2020.
             The game lasted 00:13:14 (2280 turns).

Percelot the Cudgeler (Gargoyle Monk)               Turns: 2280, Time: 00:13:14

Health: -1/37      AC:  6    Str: 17    XL:     6   Next: 35%
Magic:  6/6        EV: 12    Int: 10    God:
Gold:   135        SH:  0    Dex: 12    Spells: 5/5 levels left

rFire    . . .     SeeInvis .   a - +0 mace
rCold    . . .     Gourm    .   (no shield)
rNeg     + . .     Faith    .   b - +0 robe
rPois    ∞         Spirit   .   (no helmet)
rElec    +         Reflect  .   d - scarf {+Inv}
rCorr    .         Harm     .   (no gloves)
MR       .....                  (no boots)
Stlth    ++........             (no amulet)
HPRegen  0.12/turn              (no ring)
MPRegen  0.10/turn              (no ring)

@: no status effects
A: negative energy resistance 1, electricity resistance, unbreathing,
petrification resistance, rot immunity, AC +4
a: Evoke Invisibility


You were on level 3 of the Dungeon.
You were not hungry.

You visited 1 branch of the dungeon, and saw 3 of its levels.

You collected 135 gold pieces.

Inventory:

Hand Weapons
 a - a +0 mace (weapon)
Missiles
 m - 116 stones (quivered)
Armour
 b - a +0 robe (worn)
 d - a scarf of invisibility (worn)
Jewellery
 i - an uncursed ring of resist corrosion {unknown}
Scrolls
 f - a scroll of fear {unknown}
 h - 2 scrolls of magic mapping {unknown}
 q - a scroll of enchant weapon {unknown}
 r - a scroll of teleportation {unknown}
 t - a scroll of noise {unknown}
 u - 3 scrolls of blinking {unknown}
 v - a scroll of identify {unknown}
Potions
 e - 3 potions of lignification {unknown}
 g - 2 potions of heal wounds {unknown}
 j - a potion of magic {unknown}
 k - a potion of berserk rage {unknown}
 l - a potion of mutation {unknown}
 n - a potion of stabbing
 o - 2 potions of curing {unknown}
 p - a potion of degeneration {unknown}
 s - a potion of resistance {unknown}
 w - a potion of invisibility {unknown}
Comestibles
 c - 6 rations


   Skills:
 - Level 3.2 Fighting
 * Level 6.9 Maces & Flails
 - Level 2.4 Dodging
 - Level 2.1 Stealth


You had 5 spell levels left.
You didn't know any spells.
Your spell library was empty.

Dungeon Overview and Level Annotations

Branches:
Dungeon (3/15)

Altars:


Innate Abilities, Weirdness & Mutations

You are resistant to torment.
Your stone body is resilient. (AC +4)
You are immune to poison.
You resist negative energy. (rN+)
You are resistant to electric shocks. (rElec)
You can survive without breathing.
You are immune to petrification.
You are immune to rotting.


Message History

You sock the orc priest!
The orc priest is heavily wounded.
The orc priest barely misses you.
You hit the orc priest.
The orc priest is almost dead.
You barely miss the orc priest.
The orc priest is almost dead.
The orc priest calls down the wrath of Beogh upon you.
Pain shoots through your body!
You hit the orc priest.
The orc priest is almost dead.
The orc priest hits you with a +0 morningstar.
You closely miss the orc priest.
The orc priest is almost dead.
The orc priest hits you with a +0 morningstar.
* * * LOW HITPOINT WARNING * * *
You hit the orc priest.
The orc priest is almost dead.
The orc priest hits you with a +0 morningstar!
You die...

......##.# ..#
#........#.......#
#..#..#..#.≈...≈.#
#.... #..#.......
##.#.##..#.......
.[.......#.......
#........#.≈...≈.
#.#####..#.......
#.)@o......
#........##
##########


You could see an orc priest.

Vanquished Creatures
  Sigmund (D:2)
  An orc priest (D:3)
  Terence (D:2)
  A worker ant (D:2)
  2 adders (D:2)
  A worm (D:2)
  A dart slug (D:1)
  A leopard gecko (D:2)
  3 orcs (D:3)
  5 bats
  A giant cockroach (D:3)
  4 goblins
  6 hobgoblins
  A quokka (D:2)
  2 frilled lizards (D:1)
  6 kobolds
  3 rats
40 creatures vanquished.

Notes
Turn   | Place    | Note
-------+----------+-------------------------------------------
     0 | D:1      | Percelot the Gargoyle Monk began the quest for the Orb.
     0 | D:1      | Reached XP level 1. HP: 14/14 MP: 1/1
   113 | D:1      | Reached XP level 2. HP: 18/19 MP: 2/2
   762 | D:1      | Reached skill level 4 in Maces & Flails
   886 | D:2      | Noticed Terence
   930 | D:2      | Reached XP level 3. HP: 23/23 MP: 3/3
  1181 | D:2      | Killed Terence
  1181 | D:2      | Reached XP level 4. HP: 10/28 MP: 4/4
  1461 | D:2      | Reached skill level 5 in Maces & Flails
  1669 | D:2      | Found a faded altar of an unknown god.
  1710 | D:2      | Noticed Sigmund
  1734 | D:2      | Killed Sigmund
  1734 | D:2      | Reached skill level 6 in Maces & Flails
  1734 | D:2      | Reached XP level 5. HP: 15/32 MP: 5/5
  1734 | D:2      | Reached XP level 6. HP: 18/37 MP: 6/6
  2280 | D:3      | Slain by an orc priest

Illustrated notes

Levels and vault maps discovered:
D:1:      lemuel_arrival_behind_the_door_large, layout_loops_ring
D:2:      layout_rooms, chequers_ecumenical_altar_island, uniq_sigmund,
          uniq_terence
D:3:      cheibrodos_pilgrimage, layout_loops_cross, chequers_decorated_corner,
          uniq_natasha

Skill      XL: |  1  2  3  4 |
---------------+-------------+-----
Maces & Flails | 4 6 |  6.9
Fighting       | |  3.2
Dodging        | |  2.4
Stealth        | |  2.1

Action                   |  1- 3 |  4- 6 || total
-------------------------+-------+-------++-------
Melee: Mace              |    96 |    72 ||   168
Throw: Stone             |    20 |     7 ||    27
  Use: Potion            |       |     1 ||     1
 Stab: Sleeping          |     1 |     1 ||     2
  Eat: Chunk             |     1 |       ||     1
       Ration            |       |     1 ||     1
Armor: Robe              |    31 |    21 ||    52
Dodge: Dodged            |    58 |    46 ||   104

Table legend:
 A = Non-vault XP
 B = Vault XP
 C = Vault XP percentage of total XP
 D = Non-vault monster count
 E = Vault monster count
 F = Vault count percentage of total count
                 A         B        C        D         E       F
            +---------+---------+-------+---------+---------+-------
      Total |     117 |     309 |  72.5 |      34 |       6 |  15.0
            +---------+---------+-------+---------+---------+-------
        D:1 |      32 |       0 |   0.0 |      18 |       0 |   0.0
        D:2 |      80 |     259 |  76.4 |      13 |       2 |  13.3
        D:3 |       5 |      50 |  90.9 |       3 |       4 |  57.1
            +---------+---------+-------+---------+---------+-------
